 Dungeon Crawl Stone Soup version 0.24-a0-725-gf1a930fc54 (webtiles) character file.

Game seed: 1895114028086348063, levelgen mode: deterministic

168 Johnny the Digger (level 5, -2/57 HPs)
             Began as a Demigod Earth Elementalist on Oct 1, 2019.
             Killed by divine providence
             ... invoked by an orc priest
              (14 damage)
             ... on level 3 of the Dungeon.
             The game lasted 00:03:20 (2279 turns).

Johnny the Digger (Demigod Earth Elementalist)      Turns: 2279, Time: 00:03:21

Health: -2/57      AC: 22    Str: 11    XL:     5   Next: 3%
Magic:  2/12       EV:  2    Int: 21    God:
Gold:   117        SH:  0    Dex: 21    Spells: 6/10 levels left

rFire    . . .     SeeInvis .   b - +0 falchion
rCold    . . .     Gourm    .   (no shield)
rNeg     + + +     Faith    .   (armour currently unavailable)
rPois    +         Spirit   .   (helmet currently unavailable)
rElec    .         Reflect  .   (cloak currently unavailable)
rCorr    .         Harm     .   (gloves currently unavailable)
MR       .....     NoTele   +   (boots currently unavailable)
Stlth    +++.......             (no amulet)
HPRegen  0.19/turn              (no ring)
MPRegen  0.13/turn              (no ring)

@: agile, tree-form (expiring), berserk cooldown, very slightly contaminated,
slowed, very slow
A: high mp 1
a: no special abilities


You were on level 3 of the Dungeon.
You were not hungry.
You were a tree.
You visited 1 branch of the dungeon, and saw 3 of its levels.

You collected 117 gold pieces.

Inventory:

Hand Weapons
 b - a +0 falchion (weapon)
Armour
 c - a +0 robe (melded)
Scrolls
 e - 3 scrolls of identify {unknown}
 h - a scroll of random uselessness {unknown}
 k - a scroll of enchant weapon {unknown}
 l - 2 scrolls of remove curse {unknown}
 n - a scroll of blinking {unknown}
Potions
 f - a potion of lignification
 g - a potion of berserk rage
Comestibles
 d - 4 rations
 m - 2 chunks of flesh


   Skills:
 - Level 1.7 Dodging
 - Level 1.7 Stealth
 + Level 3.0 Spellcasting
   Level 0.8 Transmutations
 * Level 4.7 Earth Magic


You had 6 spell levels left.
You knew the following spells:

 Your Spells              Type           Power        Failure   Level  Hunger
a - Sandblast             Erth           ###...       1%          1    None
b - Stone Arrow           Conj/Erth      ##....       16%         3    ###....

Your spell library contained the following spells:

 Spells                   Type           Power        Failure   Level  Hunger
 Passwall                 Tmut/Erth      ##......     6%          2    ##.....
 Petrify                  Tmut/Erth      ##......     38%         4    ####...
 Lee's Rapid Deconstruct  Erth           ###.......   47%         5    ######.


Dungeon Overview and Level Annotations

Branches:
Dungeon (3/15)


Innate Abilities, Weirdness & Mutations

You have an increased reservoir of magic. (+10% MP)


Message History

Beogh smites you!
* * * LOW HITPOINT WARNING * * *
You hear a shout!
Casting: Stone Arrow (safe; 16% risk of failure)
Confirm with . or Enter, or press ? or * to list all spells.
Aiming: Sandblast (safe; 1% risk of failure)
Press: ? - help, Shift-Dir - straight line, f/p - orc priest
Aim: an orc priest, wielding a +0 short sword (severely wounded)
Okay, then.
You closely miss the orc priest.
The orc priest is severely wounded.
The orc priest hits you but does no damage. x2
You hit the orc priest.
The orc priest is almost dead.
The orc priest hits you but does no damage. x2
You closely miss the orc priest.
The orc priest is almost dead.
The orc priest calls down the wrath of Beogh upon you.
Beogh smites you!
You die...

....###.# #.. .....##.#
#.. ..oo.$#.## ..
o..ooo#..# .. .....$#..#
#. .....##..###### #.
....###........
...###.#########..#######
.......)o♣..(...(.#
###.##.######.###.# #.
#.# ..# .. ..# .## ##.
.... . ## #######


You could see an orc priest.

Vanquished Creatures
  An orc priest (D:3)
  An orc wizard (D:3)
  A gnoll (D:1)
  6 adders
  A worm (D:2)
  A dart slug (D:1)
  A leopard gecko (D:3)
  5 orcs (D:3)
  A giant cockroach (D:1)
  5 goblins
  2 hobgoblins (D:2)
  6 kobolds
  2 quokkas (D:2)
  A ball python (D:2)
  5 bats
  5 frilled lizards
  2 rats (D:2)
46 creatures vanquished.

Vanquished Creatures (others)
  A hobgoblin (D:2)
  A bat (D:2)
2 creatures vanquished.

Grand Total: 48 creatures vanquished

Notes
Turn   | Place    | Note
-------+----------+-------------------------------------------
     0 | D:1      | Johnny the Demigod Earth Elementalist began the quest for
                  | the Orb.
     0 | D:1      | Reached XP level 1. HP: 14/14 MP: 5/5
   459 | D:1      | Reached skill level 3 in Earth Magic
   492 | D:1      | Reached XP level 2. HP: 10/20 MP: 0/7
   916 | D:2      | Reached XP level 3. HP: 20/26 MP: 1/9
  1173 | D:2      | Reached skill level 4 in Earth Magic
  1197 | D:2      | Reached XP level 4. HP: 15/33 MP: 0/10
  1360 | D:2      | Found an ancient bone altar of Kikubaaqudgha.
  1396 | D:2      | Found a radiant altar of Vehumet.
  1467 | D:2      | Learned a level 3 spell: Stone Arrow
  2269 | D:3      | Reached XP level 5. HP: 38/38 MP: 8/12
  2279 | D:3      | Killed from afar by an orc priest

Levels and vault maps discovered:
D:1:      dpeg_arrival_renting, layout_basic, minmay_tetromino_s2
D:2:      layout_basic, kiku_gazebo_pond_becter, fiery_altar_vehumet
D:3:      cheibrodos_pilgrimage, layout_loops_ring, chequers_arboretum,
          st_stairs_1

Skill      XL: |  1  2  3  4 |
---------------+-------------+-----
Spellcasting   | 2 3 |  3.0
Earth Magic    | 3 4 |  4.7
Dodging        | |  1.7
Stealth        | |  1.7
Transmutations | |  0.8

Action                   |  1- 3 |  4- 6 || total
-------------------------+-------+-------++-------
Melee: Unarmed           |     5 |    18 ||    23
       Falchion          |       |    29 ||    29
 Cast: Sandblast         |    51 |    14 ||    65
       Stone Arrow       |       |    12 ||    12
  Use: Potion            |       |     4 ||     4
 Stab: Sleeping          |     1 |       ||     1
  Eat: Chunk             |     1 |     1 ||     2
       Ration            |       |     1 ||     1
Armor: Robe              |     5 |     8 ||    13
       Skin              |       |    22 ||    22
Dodge: Dodged            |    16 |    43 ||    59
       Rpst.: Falchion   |       |     8 ||     8

Table legend:
 A = Non-vault XP
 B = Vault XP
 C = Vault XP percentage of total XP
 D = Non-vault monster count
 E = Vault monster count
 F = Vault count percentage of total count
                 A         B        C        D         E       F
            +---------+---------+-------+---------+---------+-------
      Total |     193 |      47 |  19.6 |      40 |       6 |  13.0
            +---------+---------+-------+---------+---------+-------
        D:1 |      26 |       2 |   7.1 |       8 |       1 |  11.1
        D:2 |     101 |       0 |   0.0 |      25 |       0 |   0.0
        D:3 |      66 |      45 |  40.5 |       7 |       5 |  41.7
            +---------+---------+-------+---------+---------+-------
